AoeStats
← SeemsFishy

Lombardia

507554789Analyzed
4v4 RM · 13d ago on Sep 18, 2026· 51m 56s· 8 players
Game mode
Random Map
Map size
Large (8 player)
Population
200
Speed
Normal
Resources
Standard
Victory
Conquest
Starting age
Dark Age
Ending age
Imperial Age
RankedLock teamsTeams togetherTeam positionsShared explorationLock speedFull tech treeHidden civsTurbo modeCheats
Victory
Defeat
🇬🇧 Hindustanis · United Kingdom
1381
+12
🇮🇳 Ethiopians · India
1324
+14
🇩🇪 Magyars · Germany
1322
+14
🇮🇱 Mongols · Israel
1273
+17
🇮🇹 Hindustanis · Italy
1322
-15
🇬🇧 Franks · United Kingdom
1305
-15
🇮🇹 Teutons · Italy
1300
-15
🇮🇹 Maya · Italy
1228
-12
SeemsFishy
7:06 Loom
9:27 Feudal Age
14:35 Scale Barding Armor
14:41 Forging
14:32 Double-Bit Axe
14:30 Horse Collar
25:55 Castle Age
26:41 Bloodlines
27:22 Wheelbarrow
27:01 Bow Saw
26:43 Gold Mining
26:57 Heavy Plow
27:55 Chain Barding Armor
29:02 Gold Shaft Mining
29:31 Forging
32:32 Iron Casting
33:24 Husbandry
34:11 Stone Mining
35:01 Fletching
38:57 Stone Shaft Mining
40:55 Imperial Age
38:33 Bodkin Arrow
42:11 Plate Barding Armor
41:38 Padded Archer Armor
41:07 Heavy Camel Rider
46:47 Chemistry
48:45 Leather Archer Armor
48:25 Light Cavalry
50:14 Imperial Camel Rider
Das Frettchen
8:57 Loom
10:43 Feudal Age
15:19 Castle Age
13:25 Double-Bit Axe
16:09 Bow Saw
17:09 Fletching
18:32 Bodkin Arrow
24:19 Ballistics
25:08 Husbandry
26:43 Padded Archer Armor
28:38 Wheelbarrow
31:49 Hand Cart
31:19 Town Watch
33:24 Town Patrol
37:22 Imperial Age
35:50 Bloodlines
36:39 Thumb Ring
38:06 Bracer
37:29 Heavy Cavalry Archer
38:35 Parthian Tactics
38:54 Gold Mining
42:11 Chemistry
41:00 Sappers
41:33 Recurve Bow
42:25 Conscription
43:21 Leather Archer Armor
Mike
9:20 Loom
11:24 Feudal Age
12:42 Double-Bit Axe
15:21 Castle Age
13:09 Horse Collar
16:13 Loom
21:50 Bow Saw
22:52 Heavy Plow
24:02 Gold Mining
25:32 Wheelbarrow
28:20 Hand Cart
29:14 Gold Shaft Mining
28:29 Stone Mining
28:41 Fletching
28:52 Padded Archer Armor
29:20 Scale Barding Armor
29:09 Town Watch
30:35 Forging
31:28 Bloodlines
31:19 Husbandry
31:40 Chain Barding Armor
32:42 Iron Casting
41:03 Imperial Age
39:59 Bodkin Arrow
40:20 Leather Archer Armor
41:06 Elite Steppe Lancer
48:55 Blast Furnace
48:28 Light Cavalry
49:31 Hussar
TheDangerous
10:00 Feudal Age
10:34 Double-Bit Axe
13:31 Horse Collar
14:43 Fletching
16:29 Loom
21:59 Castle Age
20:35 Padded Archer Armor
22:51 Wheelbarrow
22:08 Crossbowman
23:00 Bodkin Arrow
24:42 Bow Saw
26:11 Leather Archer Armor
26:50 Thumb Ring
31:26 Gold Mining
31:29 Stone Mining
31:58 Town Watch
32:53 Gold Shaft Mining
38:24 Imperial Age
35:59 Scale Mail Armor
36:49 Squires
36:35 Arson
37:05 Forging
37:18 Heavy Plow
38:50 Hand Cart
39:03 Chain Mail Armor
39:17 Ballistics
39:08 Bracer
40:19 Halberdier
42:56 Plate Mail Armor
45:19 Iron Casting
45:17 Ring Archer Armor
45:35 Man-at-Arms
46:14 Arbalester
46:39 Long Swordsman
47:05 Arson
48:30 Blast Furnace
47:31 Two-Handed Swordsman
Towernello
0:30 Loom
10:59 Feudal Age
15:21 Castle Age
13:41 Double-Bit Axe
13:48 Horse Collar
16:33 Bow Saw
17:04 Heavy Plow
25:00 Scale Mail Armor
26:19 Wheelbarrow
25:57 Squires
28:36 Hand Cart
33:23 Imperial Age
30:54 Scale Mail Armor
31:09 Gold Mining
31:10 Stone Mining
31:25 Squires
31:16 Eagle Warrior
31:43 Arson
32:10 Forging
31:58 Town Watch
33:35 Iron Casting
33:16 Chain Mail Armor
33:43 Caravan
34:29 Conscription
33:53 Elite Eagle Warrior
36:02 Holcans
36:15 Plate Mail Armor
35:19 Capped Ram
37:11 Blast Furnace
37:34 Two-Man Saw
37:18 Siege Ram
42:45 Pikeman
NICH
8:49 Feudal Age
11:24 Double-Bit Axe
15:54 Scale Barding Armor
19:49 Loom
20:29 Forging
22:29 Castle Age
21:49 Forging
22:46 Wheelbarrow
22:06 Gold Mining
26:37 Bow Saw
26:27 Light Cavalry
28:48 Husbandry
33:28 Hand Cart
32:58 Town Watch
33:53 Chain Barding Armor
34:08 Iron Casting
38:10 Imperial Age
39:50 Town Patrol
39:28 Cavalier
40:44 Plate Barding Armor
41:10 Blast Furnace
40:29 Town Patrol
43:36 Ballistics
43:07 Fletching
44:31 Chemistry
44:53 Gold Shaft Mining
44:08 Stone Mining
44:14 Bodkin Arrow
47:45 Siege Engineers
47:13 Capped Ram
47:26 Capped Ram
Il SiMo
9:08 Loom
11:12 Feudal Age
13:41 Scale Barding Armor
24:54 Castle Age
22:49 Horse Collar
22:57 Double-Bit Axe
23:38 Gold Mining
24:38 Bloodlines
30:56 Forging
31:59 Heavy Plow
33:55 Iron Casting
38:05 Wheelbarrow
43:04 Stone Mining
43:27 Bow Saw
44:39 Chain Barding Armor
46:10 Hand Cart
49:33 Imperial Age
49:49 Cavalier
51:08 Plate Barding Armor
52:32 Blast Furnace
Tattico87
7:18 Loom
9:36 Feudal Age
10:44 Double-Bit Axe
12:54 Bloodlines
12:57 Forging
13:21 Scale Barding Armor
22:23 Castle Age
21:07 Horse Collar
22:13 Stone Mining
24:09 Stone Shaft Mining
23:59 Heavy Plow
24:27 Gold Mining
26:42 Chain Barding Armor
29:07 Husbandry
30:36 Iron Casting
30:32 Bow Saw
32:13 Wheelbarrow
33:48 Hand Cart
41:26 Imperial Age
43:41 Blast Furnace
42:46 Fletching
43:15 Heavy Camel Rider
Connection lost

Rejoining the realm…

Still unreachable

The connection could not be restored.

Session expired

The server has moved on; the page needs a fresh start.